Map: Dusk Towers

Players

blackxored

  • Race: Zerg Zerg
  • League: Diamond

Kaspersky - Winner!

  • Race: Protoss Protoss
  • League: Diamond

VOD

Have the link to the VOD?

Description

Time

  • Played on: July 2, 2016, 12:54 a.m.
  • Length: 10:01
Show
View Real Time Build Order
Export as new Build Order

blackxored Zerg 

Build Orders: Hatch First 

Get SALT Encoding   

  12  0:02  Drone  
  13  0:09  Drone  
  14  0:18  Overlord  
  14  0:23  Extractor, Drone  
  15  0:40  Drone x2  
  17  0:53  Hatchery  
  17  0:57  Drone  
  17  0:59  Drone  
  18  1:11  Extractor  
  17  1:15  Spawning Pool  
  17  1:17  Drone  
  17  1:20  Drone  
  18  1:28  Drone  
  19  1:40  Overlord  
  19  1:54  Drone  
  20  2:13  Zergling x4  
  20  2:14  Zergling x2  
  20  2:15  Metabolic Boost, Queen  
  25  2:23  Queen  
  27  2:39  Drone x3  
  27  2:40  Drone x2  
  32  2:49  Hatchery  
  31  2:57  Overlord  
  31  3:12  Pneumatized Carapace  
  31  3:14  Drone x5  
  36  3:25  Overlord  
  36  3:30  Drone x4  
  40  3:41  Drone x4  
  43  3:44  Overlord  
  43  3:46  Overlord  
  44  3:52  Evolution Chamber  
  44  3:53  Baneling Nest, Drone  
  44  3:55  Drone  
  44  4:01  Queen  
  46  4:11  Drone x5  
  46  4:13  Drone  
  46  4:14  Drone  
  46  4:15  Drone  
  54  4:17  Drone  
  55  4:34  Drone  
  55  4:35  Extractor, Drone x3  
  55  4:37  Zerg Melee Weapons Level 1, Lair  
  58  4:53  Drone x5  
  58  4:54  Drone x2  
  58  4:56  Overlord x2  
  58  4:59  Hatchery  
  64  5:04  Zergling x2  
  64  5:06  Zergling x2  
  66  5:13  Zergling x10  
  71  5:22  Baneling x3  
  71  5:25  Baneling x3  
  71  5:32  Zergling x18  
  77  6:42  Zergling x34  
  94  6:47  Baneling x11  
  93  7:06  Zergling x6  
  93  7:08  Overlord x4  
  96  7:11  Centrifical Hooks  
  92  7:15  Infestation Pit  
  92  7:17  Baneling x5  
  87  7:23  Baneling  
  87  7:39  Extractor, Drone x4  
  87  7:40  Drone  
  87  7:41  Extractor  
  87  7:44  Drone  
  91  7:48  Extractor, Drone x2  
  91  7:49  Extractor, Drone  
  91  7:50  Drone x5  
  95  8:24  Zergling x20  
  95  8:25  Zergling x10  
  110  8:27  Baneling x10  
  110  8:28  Baneling x11  
  110  8:34  Evolution Chamber  
  110  8:35  Hive  
  93  8:46  Zergling x12  
  73  8:54  Zergling x2  
  73  8:55  Zergling x4  
  61  8:58  Queen  
  59  9:05  Zergling x10  
  62  9:12  Zergling x2  
  62  9:15  Baneling x7  
  61  9:17  Baneling  
  61  9:19  Baneling  
  61  9:20  Zergling x2  
  61  9:21  Zergling x2  
  62  9:26  Zergling x2  
  60  9:36  Zergling x2  
  60  9:37  Zergling x6  
Show
View Real Time Build Order
Export as new Build Order

Kaspersky Protoss - Winner!

Build Orders: 1 Gate Expand 

Get SALT Encoding   

  12  0:01  Probe (Chrono Boost)  
  13  0:12  Probe (Chrono Boost)  
  14  0:23  Probe (Chrono Boost)  
  14  0:28  Pylon  
  15  0:46  Probe (Chrono Boost)  
  16  0:51  Gateway  
  16  0:57  Probe (Chrono Boost)  
  17  0:58  Assimilator  
  17  1:07  Probe (Chrono Boost)  
  18  1:19  Assimilator  
  18  1:24  Probe (Chrono Boost)  
  19  1:33  Nexus  
  19  1:38  Probe (Chrono Boost)  
  20  1:47  Cybernetics Core  
  20  1:48  Probe (Chrono Boost)  
  21  1:59  Pylon  
  21  2:04  Probe (Chrono Boost)  
  22  2:12  Pylon  
  23  2:15  Probe (Chrono Boost)  
  23  2:24  Warp Gate  
  23  2:25  Adept  
  25  2:33  Mothership Core (Chrono Boost)  
  27  2:47  Gateway  
  27  2:50  Probe (Chrono Boost)  
  27  2:52  Probe (Chrono Boost)  
  27  2:56  Adept  
  30  3:00  Probe (Chrono Boost)  
  31  3:07  Probe (Chrono Boost)  
  31  3:11  Probe (Chrono Boost)  
  33  3:18  Probe (Chrono Boost)  
  33  3:19  Gateway  
  34  3:21  Probe (Chrono Boost)  
  37  3:27  Adept  
  37  3:33  Probe x2 (Chrono Boost)  
  39  3:38  Adept  
  41  3:44  Probe x2 (Chrono Boost)  
  43  3:49  Pylon  
  43  3:53  Pylon  
  43  3:54  Probe x2 (Chrono Boost)  
  45  4:09  Gateway  
  47  4:12  Twilight Council  
  47  4:14  Probe x2 (Chrono Boost)  
  47  4:28  Probe (Chrono Boost)  
  47  4:30  Robotics Facility, Probe (Chrono Boost)  
  49  4:33  Adept  
  49  4:34  Adept  
  54  4:38  Stalker, Probe (Chrono Boost)  
  54  4:40  Probe (Chrono Boost)  
  57  4:49  Assimilator, Probe (Chrono Boost)  
  57  4:50  Probe (Chrono Boost)  
  57  4:51  Assimilator  
  61  5:02  Resonating Glaives (Chrono Boost)  
  61  5:03  Forge, Probe  
  60  5:10  Probe  
  60  5:11  Pylon  
  61  5:25  Probe  
  62  5:28  Pylon  
  62  5:29  Warp Prism (Chrono Boost)  
  62  5:30  Pylon x2  
  62  5:31  Stalker  
  62  5:32  Gateway, Stalker  
  68  5:46  Protoss Ground Weapons Level 1  
  68  5:57  Zealot x4  
  76  6:04  Gateway  
  76  6:08  Observer (Chrono Boost)  
  76  6:09  Gateway  
  76  6:10  Pylon  
  77  6:24  Adept x4  
  77  6:58  Photon Cannon  
  77  7:01  Adept  
  77  7:02  Adept x2, Charge  
  78  7:22  Probe  
  78  7:29  Pylon  
  78  7:31  Probe  
  78  7:34  Probe  
  80  7:43  Observer (Chrono Boost), Probe  
  82  7:46  Adept x3  
  82  7:47  Probe  
  89  7:55  Probe  
  90  7:59  Probe  
  91  8:06  Adept x3  
  92  8:15  Pylon  
  92  8:18  Stalker x2  
  86  8:42  Zealot x2  
  86  8:43  Zealot x4  
  86  8:44  Zealot  
  46  9:04  Adept x3  
  46  9:05  Adept  
  53  9:14  Probe  
  54  9:33  Zealot x2  
  54  9:34  Zealot  
  44  9:38  Adept  
  44  9:51  Adept  
  44  9:57  Adept  
Tags
 
Add a new tag
Caveats
  • Supply blocks, unpowered buildings, or Contaminate may cause inaccurate times.
  • Supply counts are checked every 10 seconds.